 Dungeon Crawl Stone Soup version 0.31-a0-145-g046c7d2549 (webtiles) character file.

Game seed: 7487857162313401412

119 qw the Shooter (level 4, -1/40 HPs)
             Began as a Minotaur Hunter on June 7, 2023.
             Slain by a gnoll
             ... wielding a +0 spear
              (3 damage)
             ... on level 3 of the Dungeon.
             The game lasted 00:00:33 (1889 turns).

qw the Shooter (Minotaur Hunter)                    Turns: 1889, Time: 00:00:33

Health: -1/40      AC:  6    Str: 16    XL:     4   Next: 74%
Magic:  3/3        EV: 11    Int:  6    God:
Gold:   153        SH:  0    Dex: 15    Spells: 3/3 levels left

rFire   . . .        h - +2 sling (heavy)
rCold   . . .        (no shield)
rNeg    . . .        g - +0 ring mail
rPois   .            (helmet restricted)
rElec   .            c - +0 cloak
rCorr   .            (no gloves)
SInv    .            (no boots)
Will    .....        (no amulet)
Stlth   +            (no ring)
HPRegen 0.26/turn    (no ring)
MPRegen 0.08/turn

%: no passive effects
@: no status effects
A: horns 2, retaliatory headbutt
a: no special abilities


You were on level 3 of the Dungeon.
You visited 1 branch of the dungeon, and saw 3 of its levels.

You collected 153 gold pieces.


Innate Abilities, Weirdness & Mutations

You have a pair of horns on your head.
You reflexively headbutt those who attack you in melee.


   Skills:
 + Level 3.8 Fighting
 - Level 6.0 Ranged Weapons
 - Level 1.0 Armour
 - Level 2.1 Dodging
 - Level 0.7 Stealth


You had 3 spell levels left.
You didn't know any spells.
Your spell library was empty.

Inventory:

Hand Weapons
 h - a +2 heavy sling (weapon)
Armour
 c - a +0 cloak (worn)
 g - a +0 ring mail (worn)
Scrolls
 a - a scroll of identify
Potions
 b - a potion of curing {unknown}
 d - a potion of haste
 e - a potion of enlightenment {unknown}
 f - a potion of heal wounds {unknown}
 i - a potion of invisibility {unknown}

Dungeon Overview and Level Annotations

Branches:
Dungeon (3/15)

Altars:
Yredelemnul


Message History

An orc comes into view. It is wielding a +0 short sword.
The gnoll barely misses you. The rat closely misses you.
You furiously retaliate!
You headbutt the rat, but do no damage. The rat barely misses you.
You shoot a sling bullet. The orc shouts!
The sling bullet hits the rat.
You kill the rat!
The gnoll barely misses you.
You shoot a sling bullet. The sling bullet hits the gnoll.
The gnoll is moderately wounded.
The gnoll closely misses you.
The gnoll hits you with a +0 flail of protection.
The gnoll hits you from afar with a +0 spear.
The gnoll closely misses you.
You shoot a sling bullet.
The sling bullet barely misses the gnoll.
The gnoll completely misses you. The gnoll hits you but does no damage.
The gnoll hits you with a +0 flail of protection.
The gnoll barely misses you. You furiously retaliate!
You headbutt the gnoll! The gnoll barely misses you.
The gnoll hits you with a +0 flail of protection.
You shoot a sling bullet. The sling bullet hits the gnoll!
You kill the gnoll!
The gnoll completely misses you.
The gnoll hits you with a +0 flail of protection!
The gnoll hits you with a +0 flail of protection.
The gnoll hits you from afar with a +0 spear.
The orc barely misses you.
You shoot a sling bullet. The sling bullet hits the gnoll!
You kill the gnoll!
The orc hits you but does no damage.
The gnoll hits you from afar with a +0 spear.
You shoot a sling bullet.
The sling bullet closely misses the orc.
The orc barely misses you. You furiously retaliate!
You headbutt the orc!
You kill the orc!
The gnoll barely misses you.
The gnoll hits you from afar with a +0 spear.
You die...

.. #[.#..
.###....###
.....>...# ........+
.......# g)....#
####))...#
#...@....#
###########........#
................####
##########.......##
##....####.......#
##....#..'...<...#
##....#.##.......#
.'....'.##########
##....###


You could see a gnoll.

Vanquished Creatures
  7 gnolls
  An adder (D:2)
  2 dart slugs (D:1)
  2 orcs (D:3)
  A bat (D:2)
  An endoplasm (D:1)
  A giant cockroach (D:2)
  2 hobgoblins
  4 jackals (D:2)
  2 quokkas (D:1)
  2 ball pythons (D:1)
  5 frilled lizards
  5 goblins
  4 kobolds
  3 rats
42 creatures vanquished.

Notes
Turn   | Place    | Note
-------+----------+-------------------------------------------
     0 | D:1      | qw the Minotaur Hunter began the quest for the Orb.
     0 | D:1      | Reached XP level 1. HP: 18/18 MP: 0/0
     0 | D:1      | 0 ||| qw: Version: 0.2-a-117-gc6b5c8b
     0 | D:1      | 0 ||| qw: Game counter: 2414
     0 | D:1      | 0 ||| qw: Always use a shield: true
     0 | D:1      | 0 ||| qw: God list: Okawaru
     0 | D:1      | 0 ||| qw: Allow faded altars: false
     0 | D:1      | 0 ||| qw: Do Orc after D:15 true
     0 | D:1      | 0 ||| qw: Do second Lair branch before Depths: true
     0 | D:1      | 0 ||| qw: Lair rune preference: random
     0 | D:1      | 0 ||| qw: Plans: Normal
     0 | D:1      | 0 ||| PLANNING D:1-11
   220 | D:1      | Reached XP level 2. HP: 23/25 MP: 1/1
   222 | D:1      | Reached skill level 5 in Ranged Weapons
   456 | D:1      | Reached skill level 3 in Fighting
   720 | D:1      | 720 ||| UPGRADING to +0 ring mail.
   730 | D:1      | 730 ||| DROPPING +0 leather armour.
   731 | D:1      | 731 ||| READING scroll labelled RATOUTZEDGHA.
   732 | D:1      | 732 ||| READING scroll labelled CEGEFUH VAVAHI.
   736 | D:1      | 736 ||| DROPPING scroll of butterflies.
   846 | D:2      | Found a basalt altar of Yredelemnul.
   884 | D:2      | Reached XP level 3. HP: 30/31 MP: 2/2
   886 | D:2      | Reached skill level 1 in Armour
  1420 | D:2      | 1420 ||| UPGRADING to +0 cloak.
  1425 | D:2      | 1425 ||| READING 3 scrolls labelled NOTASICUNWI.
  1426 | D:2      | 1426 ||| READING scroll labelled SUCEVE TIVAOLL.
  1427 | D:2      | 1427 ||| READING 2 scrolls of identify.
  1427 | D:2      | 1427 ||| IDENTIFYING brown potion
  1449 | D:3      | 1449 ||| STAIRDANCE
  1508 | D:3      | 1508 ||| STAIRDANCE
  1511 | D:2      | Reached XP level 4. HP: 22/38 MP: 3/3
  1518 | D:2      | HP: 5/38 [gnoll/+0 club (8)]
  1518 | D:2      | HP: 1/38 [gnoll/+0 club (4)]
  1520 | D:2      | Reached skill level 6 in Ranged Weapons
  1797 | D:3      | 1797 ||| SWAPPING to +2 heavy sling.
  1798 | D:3      | 1798 ||| DROPPING +0 shortbow.
  1887 | D:3      | HP: 8/38 [gnoll/+0 flail of protection (4)]
  1888 | D:3      | HP: 2/39 [gnoll/+0 spear (3)]
  1889 | D:3      | Slain by a gnoll

Levels and vault maps discovered:
D:1:      sevenhm_arrival_forest_fort_large_4, layout_loops_ring
D:2:      layout_basic, basic_altar
D:3:      layout_basic, amcnicky_altar_gilded, guppyfry_early_lair_pool

Skill      XL: |  1  2  3  4 |
---------------+-------------+-----
Ranged Weapons | 5 6 |  6.0
Fighting       | 3 |  3.8
Armour         | 1 |  1.0
Dodging        | |  2.1
Stealth        | |  0.7

Action                     |  1- 3 |  4- 6 || total
---------------------------+-------+-------++-------
   Fire: Shortbow          |    85 |    19 ||   104
         Sling             |       |    10 ||    10
    Use: Scroll            |     5 |       ||     5
 Armour: Leather armour    |     3 |       ||     3
         Ring mail         |     7 |     5 ||    12
  Dodge: Dodged            |    28 |    20 ||    48

Table legend:
 A = Non-vault XP
 B = Vault XP
 C = Vault XP percentage of total XP
 D = Non-vault monster count
 E = Vault monster count
 F = Vault count percentage of total count
                 A         B        C        D         E       F
            +---------+---------+-------+---------+---------+-------
      Total |     174 |       0 |   0.0 |      42 |       0 |   0.0
            +---------+---------+-------+---------+---------+-------
        D:1 |      34 |       0 |   0.0 |      19 |       0 |   0.0
        D:2 |      88 |       0 |   0.0 |      15 |       0 |   0.0
        D:3 |      52 |       0 |   0.0 |       8 |       0 |   0.0
            +---------+---------+-------+---------+---------+-------
